 Dungeon Crawl Stone Soup version 0.29-a0-319-gad05b8d819 (webtiles) character file.

Game seed: 10277941124507780886

101 sammy202020 the Skirmisher (level 4, 0/44 HPs)
             Began as a Troll Fighter on Apr 2, 2022.
             Killed from afar by an orc wizard (4 damage)
             ... with a magic dart
             ... on level 3 of the Dungeon.
             The game lasted 00:08:42 (2078 turns).

sammy202020 the Skirmisher (Troll Fighter)          Turns: 2078, Time: 00:08:43

Health: 0/44       AC:  4    Str: 24    XL:     4   Next: 48%
Magic:  3/3        EV:  8    Int:  6    God:
Gold:   66         SH:  7    Dex:  9    Spells: 3/3 levels left

rFire   . . .      SeeInvis .     - Unarmed
rCold   . . .      Faith    .   b - +0 kite shield
rNeg    . . .      Spirit   .   a - +0 robe
rPois   .          Reflect  .   (helmet restricted)
rElec   .          Harm     .   (no cloak)
rCorr   .          Rampage  .   (gloves unavailable)
Will    .....                   (boots unavailable)
Stlth   +.........              (no amulet)
HPRegen 0.94/turn               (no ring)
MPRegen 0.08/turn               (no ring)

@: no status effects
A: large, unfitting armour, claws 3, regeneration 1, shaggy fur 1, tough skin 1
a: no special abilities


You were on level 3 of the Dungeon.
You visited 1 branch of the dungeon, and saw 3 of its levels.

You collected 66 gold pieces.

Inventory:

Hand Weapons
 o - a +1 hunting sling of flaming
Missiles
 f - a throwing net (quivered)
 j - 8 poisoned darts
 s - 4 boomerangs
Armour
 a - a +0 robe (worn)
 b - a +0 kite shield (worn)
Magical Staves
 m - a staff of conjuration
Jewellery
 r - a ring of wizardry
Wands
 v - a wand of iceblast (3)
Scrolls
 d - 3 scrolls of vulnerability {unknown}
 e - a scroll of blinking {unknown}
 h - 3 scrolls of identify {unknown}
 i - a scroll of teleportation {unknown}
 l - a scroll of torment {unknown}
 t - a scroll of fog {unknown}
 w - a scroll of enchant weapon {unknown}
Potions
 c - 2 potions of might
 g - a potion of brilliance {unknown}
 k - 4 potions of lignification {unknown}
 n - 4 potions of attraction {unknown}
 p - 3 potions of haste {unknown}
 q - 2 potions of heal wounds {unknown}
 u - a potion of degeneration {unknown}


   Skills:
 * Level 2.9 Fighting
 + Level 0.6(0.8) Maces & Flails
 + Level 0.5(0.7) Staves
 * Level 2.9 Dodging
 * Level 2.9 Shields
 * Level 2.5 Unarmed Combat
 + Level 0.7 Invocations
 - Level 0.2 Evocations


You had 3 spell levels left.
You didn't know any spells.
Your spell library was empty.

Dungeon Overview and Level Annotations

Branches:
Dungeon (3/15)

Altars:

Shops:
D:1 *


Innate Abilities, Weirdness & Mutations

You are too large for most types of armour.
You have claws for hands.
Your natural rate of healing is unusually fast.
You are covered in fur. (AC +1)
You have tough skin. (AC +1)


Message History

You are too injured to fight recklessly!
You are too injured to fight recklessly!
You are too injured to fight recklessly!
You are too injured to fight recklessly!
You are too injured to fight recklessly!
You are too injured to fight recklessly!
You are too injured to fight recklessly!
You are too injured to fight recklessly!
You are too injured to fight recklessly!
You are too injured to fight recklessly!
You are too injured to fight recklessly!
You are too injured to fight recklessly!
Unknown command.
You're too confused to move!
You hear some strange, mumbled words.
Something tries to affect you, but you resist.
The orc hits you from afar with a +0 trident.
You closely miss something.
You hear some strange, mumbled words.
Something tries to affect you, but you resist.
The orc hits you but does no damage.
You miss something. Something hits you.
The orc hits you from afar with a +0 trident!
* * * LOW HITPOINT WARNING * * *
You feel less confused.
A magic dart appears from out of thin air!
The magic dart hits you.
* * * LOW HITPOINT WARNING * * *
Something hits you but does no damage. The orc barely misses you.
Sorry, you're not good enough to have a special ability.
Something hits you.
* * * LOW HITPOINT WARNING * * *
Unknown command.
You closely miss something. Something hits you but does no damage.
The orc hits you from afar with a +0 trident.
* * * LOW HITPOINT WARNING * * *
You hear some strange, mumbled words.
A magic dart appears from out of thin air!
The magic dart hits you.
You die...

# ##.## #.#...# #.## #.#
#.#.### #... #.#
#.#.############## #.##
#.#...........# #..#
#(###########.# ##.# #)#
#.# ##.## #o# #.# ##...##
#{# #.# ##.....##
#@###########.#
.#.......###.##..........#
#.............##.##########
###.......######.#
##.....### #.# ##......#
#.# ######.# #.##### #.#
#.....# #.# #####.#


You could see an orc.

Vanquished Creatures
  A gnoll (D:3)
  An adder (D:3)
  A worm (D:2)
  4 dart slugs
  6 orcs (D:3)
  5 endoplasms
  3 giant cockroaches
  5 hobgoblins
  3 quokkas
  5 ball pythons
  7 bats
  6 frilled lizards
  9 goblins
  4 kobolds
  2 rats
62 creatures vanquished.

Notes
Turn   | Place    | Note
-------+----------+-------------------------------------------
     0 | D:1      | sammy202020 the Troll Fighter began the quest for the Orb.
     0 | D:1      | Reached XP level 1. HP: 22/22 MP: 0/0
   125 | D:1      | Found Qiekoc's Assorted Antiques.
   222 | D:1      | Reached XP level 2. HP: 29/29 MP: 1/1
   399 | D:1      | Found a faded altar of an unknown god.
   690 | D:1      | Reached XP level 3. HP: 36/36 MP: 2/2
  1290 | D:2      | Identified the +4 spear of the Scorpion {vorpal, Will+}
  1465 | D:3      | Reached XP level 4. HP: 27/44 MP: 3/3
  2078 | D:3      | Killed from afar by an orc wizard

Illustrated notes

Levels and vault maps discovered:
D:1:      lightli_arrival_boilingwater, layout_loops_corners,
          hellmonk_ecumenical_altar_arch_garden, serial_shops, shop,
          minmay_domino_2
D:2:      layout_basic
D:3:      layout_loops_ring, minmay_fractal_squares_diagonal_5

Action                   |  1- 3 |  4- 6 || total
-------------------------+-------+-------++-------
Melee: Unarmed           |   110 |    55 ||   165
  Use: Potion            |     1 |       ||     1
 Stab: Sleeping          |     1 |       ||     1
Armor: Robe              |    68 |    10 ||    78
Dodge: Dodged            |    78 |    30 ||   108
Block: Kite shield       |    40 |    18 ||    58

Table legend: (Time is in decaauts)
 A = Elapsed time spent in this place.
 B = Non-inter-level travel time spent in this place.
 C = Inter-level travel time spent in this place.
 D = Time resting spent in this place.
 E = Time spent auto-exploring this place.
 F = Levels seen in this place.
 G = Mean time per level.
                   A        B        C        D        E       F      G
               +--------+--------+--------+--------+--------+-----+--------+
         Total |   2094 |   2069 |     25 |      0 |   1610 |   3 |  698.0 |
       Dungeon |   2094 |   2069 |     25 |      0 |   1610 |   3 |  698.0 |
               +--------+--------+--------+--------+--------+-----+--------+

Top non-repeatable levels by time:
     D:1: 1008 daAuts
     D:3: 677 daAuts
     D:2: 407 daAuts
